 Dungeon Crawl Stone Soup version 0.23.0-3-gf3c87f2 (webtiles) character file.

Game seed: 9507649586657490378

163 Borgoz the Sneak (level 5, 0/30 HPs)
             Began as a Kobold Enchanter on Feb 24, 2019.
             Slain by a phantom (9 damage)
             ... on level 4 of the Dungeon.
             The game lasted 00:07:46 (3919 turns).

Borgoz the Sneak (Kobold Enchanter)                 Turns: 3919, Time: 00:07:46

Health: 0/30       AC:  2    Str:  7    XL:     5   Next: 73%
Magic:  1/8        EV: 16    Int: 16    God:
Gold:   208        SH:  0    Dex: 15    Spells: 3/9 levels left

rFire    . . .     SeeInvis .   a - +1 dagger
rCold    . . .     Gourm    .   (shield restricted)
rNeg     . . .     Faith    .   b - +0 robe
rPois    .         Spirit   .   (no helmet)
rElec    .         Reflect  .   (no cloak)
rCorr    .         Harm     .   (no gloves)
MR       .....                  (no boots)
Stlth    +++.......             (no amulet)
HPRegen  0.10/turn              (no ring)
MPRegen  0.11/turn              (no ring)

@: no status effects
A: small, carnivore
a: no special abilities


You were on level 4 of the Dungeon.
You were very full.

You visited 1 branch of the dungeon, and saw 4 of its levels.

You collected 208 gold pieces.

Inventory:

Hand Weapons
 a - a +1 dagger (weapon)
Missiles
 s - 18 poisoned needles
Armour
 b - a +0 robe (worn)
Jewellery
 j - an uncursed ring of flight {unknown}
 m - an uncursed amulet of magic regeneration {unknown}
 u - an uncursed amulet of the gourmand {unknown}
Scrolls
 c - 3 scrolls of identify
 f - 3 scrolls of enchant armour {unknown}
 g - a scroll of fear {unknown}
 l - a scroll of fog {unknown}
 n - a scroll of remove curse {unknown}
 o - a scroll of enchant weapon {unknown}
Potions
 e - a potion of agility {unknown}
 i - a potion of haste {unknown}
 k - 2 potions of curing
 p - a potion of brilliance {unknown}
 q - a potion of might {unknown}
 r - a potion of ambrosia {unknown}
 t - 3 potions of lignification
 v - a potion of resistance {unknown}
 w - 2 potions of degeneration
 x - a potion of heal wounds
Comestibles
 d - 8 rations
 h - a chunk of flesh


   Skills:
 + Level 1.9 Fighting
 + Level 2.8 Short Blades
 + Level 1.1 Armour
 + Level 3.3 Dodging
 + Level 5.6 Stealth
 + Level 2.5 Spellcasting
 + Level 3.3 Hexes


You had 3 spell levels left.
You knew the following spells:

 Your Spells              Type           Power        Failure   Level  Hunger
a - Corona                Hex            ##.....      4%          1    #......
b - Ensorcelled Hibernat  Hex/Ice        #.....       16%         2    ##.....
c - Confuse               Hex            ##......     16%         3    ###....

Your spell library contained the following spells:

 Spells                   Type           Power        Failure   Level  Hunger
 Tukima's Dance           Hex            ##......     16%         3    ###....
 Dazzling Spray           Conj/Hex       #.....       30%         3    ###....


Dungeon Overview and Level Annotations

Branches:
Dungeon (4/15)
 Temple: D:4-7

Altars:
Ashenzari
Ru
Trog
The Shining One

Annotations:
D:3 3 runed translucent doors, Trampli's ghost, amateur FoHu


Innate Abilities, Weirdness & Mutations

You are small and have problems with some larger weapons.
You are carnivorous and can eat meat at any time.


Message History

k - 3 potions of curing
As you read the scroll of identify, it crumbles to dust.
t - 3 potions of lignification
As you read the scroll of identify, it crumbles to dust.
w - 2 potions of degeneration The phantom closely misses you.
You hit the phantom but do no damage.
The phantom is severely damaged.
The phantom closely misses you.
You hit the phantom.
The phantom is severely damaged.
You hit the phantom.
The phantom is almost destroyed.
The phantom completely misses you.
You closely miss the phantom.
The phantom is severely damaged.
The phantom hits you!
* * * LOW HITPOINT WARNING * * *
You feel better. The phantom hits you!
You die...

#g......# #.......#
#.......# ########.......#
#.........#
########.........#
#................#
#................#
#.......@W.......########
#.......#'###............
#.......#...'............
#.......#...#............
.........#...#.......÷....
.........#####............
...................###'#..
..................#..(+..
.................)'...#.≈


You could see a phantom.

Vanquished Creatures
  4 gnolls
  5 adders
  An ooze (D:1)
  A worm (D:2)
  3 dart slugs
  2 leopard geckos
  5 orcs
  3 giant cockroaches
  4 goblins
  9 hobgoblins
  3 jackals (D:2)
  A quokka (D:2)
  A ball python (D:3)
  6 bats
  4 frilled lizards
  5 kobolds
  6 rats
63 creatures vanquished.

Notes
Turn   | Place    | Note
-------+----------+-------------------------------------------
     0 | D:1      | Borgoz the Kobold Enchanter began the quest for the Orb.
     0 | D:1      | Reached XP level 1. HP: 10/10 MP: 3/3
   221 | D:1      | Reached XP level 2. HP: 7/16 MP: 1/5
   572 | D:1      | Learned a level 2 spell: Ensorcelled Hibernation
   800 | D:1      | Reached skill level 1 in Fighting
   800 | D:1      | Reached XP level 3. HP: 14/20 MP: 6/6
  1099 | D:2      | Found a shattered altar of Ashenzari.
  1376 | D:2      | Reached XP level 4. HP: 14/25 MP: 7/7
  1390 | D:2      | Reached skill level 1 in Armour
  1667 | D:2      | Found a glowing golden altar of the Shining One.
  1706 | D:2      | Learned a level 3 spell: Confuse
  2244 | D:3      | Found a runed translucent gate.
  2244 | D:3      | Found a runed translucent gate.
  2244 | D:3      | Found a runed translucent gate.
  2244 | D:3      | Noticed a big kobold
  2244 | D:3      | Noticed Trampli's ghost (amateur FoHu)
  2245 | D:3      | Identified the +8 dagger of Fury {chaos, *Slow +Inv +Fly
                  | Dex-2}
  2245 | D:3      | Noticed a big kobold
  2522 | D:3      | Reached XP level 5. HP: 27/30 MP: 8/8
  2537 | D:3      | Found a sacrificial altar of Ru.
  2910 | D:3      | Found a bloodstained altar of Trog.
  3015 | D:3      | Reached skill level 5 in Stealth
  3859 | D:4      | Noticed a phantom
  3918 | D:4      | HP: 1/30 [phantom (9)]
  3919 | D:4      | Slain by a phantom

Skill      XL: |  1  2  3  4  5 |
---------------+----------------+-----
Short Blades   | 2 |  2.8
Fighting       | 1 |  1.9
Dodging        | 3 |  3.3
Armour         | 1 |  1.1
Stealth        | 5 |  5.6
Spellcasting   | |  2.5
Hexes          | |  3.3

Action                   |  1- 3 |  4- 6 || total
-------------------------+-------+-------++-------
Melee: Dagger            |   138 |   181 ||   319
 Cast: Corona            |     3 |       ||     3
       Ensorcelled Hiber |     3 |    33 ||    36
       Confuse           |       |     3 ||     3
  Use: Potion            |       |     4 ||     4
       Scroll            |       |     3 ||     3
 Stab: Sleeping          |    10 |    21 ||    31
       Confused          |       |     1 ||     1
  Eat: Chunk             |     8 |    12 ||    20
Armor: Robe              |    23 |     9 ||    32
Dodge: Dodged            |   113 |   116 ||   229
